 Dungeon Crawl Stone Soup version 0.20.0-8-g6b59dc7 (webtiles) character file.

5012 nikopol the Cleaver (level 10, -3/96 HPs)
             Began as a Gargoyle Berserker on June 2, 2017.
             Was a High Priest of Trog.
             Slain by a sixfirhy (5 damage)
             ... summoned by an orc sorcerer
             ... while paralysed by an orc sorcerer
             ... on level 10 of the Dungeon.
             The game lasted 00:18:18 (8889 turns).

nikopol the Cleaver (Gargoyle Berserker)            Turns: 8889, Time: 00:18:19

Health: -3/96      AC: 17    Str: 25    XL:     10   Next: 54%
Magic:  10/10      EV:  2    Int:  9    God:    Trog [*****.]
Gold:   198        SH:  0    Dex: 15    Spells: 9/9 levels left

rFire    . . .     SeeInvis +   I - +2 war axe (chop)
rCold    + . .     Gourm    +   (no shield)
rNeg     + . .     Faith    .   E - +0 scale mail
rPois    ∞         Spirit   .   (no helmet)
rElec    +         Reflect  .   L - scarf {cloud immunity}
rCorr    .         Harm     .   (no gloves)
MR       .....                  O - +2 pair of boots "Bieka" {+Blink Dex+3}
Stlth    ..........             t - amulet of the gourmand
Regen    0.3/turn               y - ring of protection from cold
MPRegen  0.2/turn               N - ring of see invisible

@: paralysed, berserking (expiring), drained
A: negative energy resistance 1, electricity resistance, unbreathing,
petrification resistance, rot immunity, AC +7
a: Berserk, Trog's Hand, Brothers in Arms, Burn Spellbooks, Renounce Religion,
Evoke Blink


You were on level 10 of the Dungeon.
You worshipped Trog.
Trog was extremely pleased with you.
You were very full.

You visited 1 branch of the dungeon, and saw 10 of its levels.

You collected 473 gold pieces.
You spent 275 gold pieces at shops.

Inventory:

Hand Weapons
 a - a +0 hand axe
 A - a +0 war axe
 B - the +6 battleaxe of the Shoals {venom, +Fly MP+9}
   (You found it on level 6 of the Dungeon)

   It poisons the flesh of those it strikes.
   It affects your magic capacity (+9).
   It lets you fly.
 H - a cursed +4 morningstar
 I - a +2 war axe of chopping (weapon)
Missiles
 q - 103 arrows (quivered)
Armour
 b - a +0 animal skin
 l - a +0 ring mail
 E - a +0 scale mail (worn)
 K - a +0 pair of boots
 L - a scarf of cloud immunity (worn)
 O - the +2 pair of boots "Bieka" (worn) {+Blink Dex+3}
   (You bought it in a shop on level 7 of the Dungeon)

   It affects your dexterity (+3).
   It lets you blink.
Jewellery
 t - an amulet of the gourmand (around neck)
 y - a ring of protection from cold (left hand)
 M - a +4 ring of protection {unknown}
 N - a ring of see invisible (right hand)
Wands
 R - a wand of polymorph (18/24)
Scrolls
 d - 5 scrolls of identify
 e - a scroll of noise {unknown}
 f - 3 scrolls of immolation {unknown}
 h - 8 scrolls of remove curse {unknown}
 i - 2 scrolls of amnesia {unknown}
 j - 8 scrolls of teleportation {unknown}
 k - 3 scrolls of random uselessness {unknown}
 s - a scroll of recharging {unknown}
 u - a scroll of enchant weapon {unknown}
 w - 2 scrolls of fear {unknown}
 x - a scroll of enchant armour {unknown}
 D - a scroll of blinking {unknown}
 F - a scroll of holy word {unknown}
 J - a scroll of magic mapping {unknown}
 P - 2 scrolls of fog {unknown}
 Q - a scroll of brand weapon {unknown}
Potions
 m - 6 potions of curing
 n - a potion of resistance
 o - a potion of degeneration {unknown}
 r - 2 potions of invisibility
 v - a potion of agility {unknown}
 C - 4 potions of brilliance
 G - a potion of berserk rage {unknown}
Comestibles
 c - 4 bread rations
 g - 4 meat rations
 p - 2 royal jellies
 z - 7 fruits


   Skills:
 + Level 8.1(7.6) Fighting
 + Level 10.7(10.1) Axes
 + Level 6.7(6.2) Armour
 + Level 4.0(3.5) Dodging
 + Level 2.2(1.7) Stealth


You had 9 spell levels left.
You didn't know any spells.

Dungeon Overview and Level Annotations

Branches:
Dungeon (10/15)            Temple (0/1) D:4             Orc (0/2) D:9
   Lair: D:8-11

Altars:
Cheibriados
Dithmenos
Elyvilon
Gozag
Hepliaklqana
Kikubaaqudgha
Makhleb
Nemelex Xobeh
Okawaru
Qazlal
Sif Muna
Trog
Xom
Yredelemnul

Shops:
D:7 *=?(


Innate Abilities, Weirdness & Mutations

You are resistant to torment.
Your stone body is resilient. (AC +7)
You are immune to poison.
You resist negative energy. (rN+)
You are resistant to electric shocks. (rElec)
You can survive without breathing.
You are immune to petrification.
You are immune to rotting.


Message History

The sixfirhy shocks you. You resist.
* * * LOW HITPOINT WARNING * * *
The sixfirhy hits you but does no damage.
The ice devil hits you but does no damage.
The orc sorcerer hits you with a dagger.
* * * LOW HITPOINT WARNING * * *
The deep elf mage mumbles some strange words.
The deep elf mage blinks!
The orc sorcerer points at you and mumbles some strange words.
The bolt of negative energy hits you! You partially resist.
You feel drained.
* * * LOW HITPOINT WARNING * * *
A gargoyle comes into view. It is wielding a mace.
The sixfirhy hits you but does no damage.
The sixfirhy hits you.
* * * LOW HITPOINT WARNING * * *
The sixfirhy shocks you. You resist.
* * * LOW HITPOINT WARNING * * *
The sixfirhy hits you but does no damage.
The sixfirhy hits you.
You die...

... ............)......
..=............))......
.>....................
####..######............
......######............
...............[........
...................###..
.......3............. ..
######@#########.#### #
#.e4oo...# .#
#...O4.##.# # #.##...# #
##u## .#= . #


9 You could see a purple ugly thing, a two-headed ogre, an ice devil, a deep elf
mage, a sixfirhy, a chaos spawn, 2 orc sorcerers and a gargoyle.

Vanquished Creatures
  A two-headed ogre (D:8)
  Pikel (D:6)
  Joseph (D:7)
  Eustachio (D:6)
  A water moccasin (D:8)
  A sky beast (D:9)
  3 ice beasts
  3 slaves (D:6)
  6 phantoms
  2 orc warriors
  4 ogres
  A big kobold (D:8)
  2 bullfrogs (D:9)
  A wyvern zombie (D:10)
  A gnoll sergeant (D:9)
  A scorpion (D:4)
  9 wights
  A centaur zombie (D:6)
  4 crimson imps
  2 hounds (D:9)
  A jelly (D:6)
  3 orc priests
  2 centaur skeletons (D:4)
  A bullfrog skeleton (D:4)
  3 iron imps (D:4)
  Jessica (D:2)
  Natasha (D:4)
  An iguana (D:7)
  6 worker ants
  3 orc wizards
  A hound zombie (D:6)
  2 hound skeletons (D:4)
  A worker ant zombie (D:6)
  8 gnolls
  15 adders
  A shadow imp (D:8)
  An ooze (D:1)
  2 worms (D:2)
  4 dart slugs
  6 leopard geckos
  29 orcs
  5 giant cockroaches
  4 goblins
  2 hobgoblins
  10 jackals
  10 kobolds
  2 quokkas
  A ball python (D:3)
  A ball python skeleton (D:4)
  8 bats
  4 frilled lizards
  A jackal zombie (D:7)
  3 rats
189 creatures vanquished.

Vanquished Creatures (others)
  A slave (D:6)
  An orc priest (D:6)
2 creatures vanquished.

Grand Total: 191 creatures vanquished

Notes
Turn   | Place    | Note
-------+----------+-------------------------------------------
     0 | D:1      | nikopol the Gargoyle Berserker began the quest for the Orb.
     0 | D:1      | Reached XP level 1. HP: 14/14 MP: 1/1
    34 | D:1      | Reached XP level 2. HP: 16/19 MP: 2/2
   194 | D:1      | Reached skill level 3 in Axes
   620 | D:1      | Reached XP level 3. HP: 20/24 MP: 3/3
  1088 | D:2      | Reached XP level 4. HP: 15/29 MP: 4/4
  1298 | D:2      | Noticed Jessica
  1309 | D:2      | Killed Jessica
  1326 | D:2      | Found a shadowy altar of Dithmenos.
  1588 | D:2      | Reached skill level 4 in Axes
  1652 | D:2      | Reached ** piety under Trog
  1653 | D:2      | Found a stormy altar of Qazlal.
  1852 | D:3      | Reached XP level 5. HP: 34/34 MP: 5/5
  2269 | D:3      | Found an iron altar of Okawaru.
  2288 | D:3      | Found a snail-covered altar of Cheibriados.
  2289 | D:3      | Found a hazy altar of Hepliaklqana.
  2977 | D:4      | Found a staircase to the Ecumenical Temple.
  2978 | D:4      | Noticed an ogre
  2986 | D:4      | Killed an ogre
  2986 | D:4      | Reached XP level 6. HP: 29/39 MP: 6/6
  3168 | D:4      | Reached skill level 5 in Axes
  3380 | D:4      | Reached XP level 7. HP: 44/44 MP: 7/7
  3469 | D:4      | Reached *** piety under Trog
  3469 | D:4      | Reached skill level 5 in Fighting
  3685 | D:4      | Found a white marble altar of Elyvilon.
  3872 | D:4      | Noticed Natasha
  3881 | D:4      | Killed Natasha
  3888 | D:4      | Found a burning altar of Makhleb.
  3935 | D:4      | Reached skill level 6 in Axes
  4258 | D:5      | Entered Level 5 of the Dungeon
  4313 | D:5      | Found a basalt altar of Yredelemnul.
  4600 | D:5      | Reached XP level 8. HP: 50/50 MP: 8/8
  4630 | D:5      | Reached skill level 1 in Stealth
  5286 | D:6      | Noticed Eustachio
  5323 | D:6      | Killed Eustachio
  5350 | D:6      | Reached skill level 7 in Axes
  5433 | D:6      | Got a crude battleaxe
  5434 | D:6      | Identified the +6 battleaxe of the Shoals {venom, +Fly MP+9} (You found it on level 6 of the Dungeon)
  5537 | D:6      | Noticed Pikel
  5550 | D:6      | Killed Pikel
  5550 | D:6      | Reached **** piety under Trog
  5550 | D:6      | Reached skill level 8 in Axes
  5550 | D:6      | Reached skill level 5 in Armour
  5550 | D:6      | Reached XP level 9. HP: 33/56 MP: 9/9
  6185 | D:7      | Found a white marble altar of Elyvilon.
  6319 | D:7      | Found Nibef's Assorted Antiques.
  6328 | D:7      | Bought a pair of ancient boots for 247 gold pieces
  6338 | D:7      | Identified the +2 pair of boots "Bieka" {+Blink Dex+3} (You bought it in a shop on level 7 of the Dungeon)
  6372 | D:7      | Found Nuewusab's Magic Scroll Shoppe.
  6688 | D:7      | Bought a scroll of identify for 28 gold pieces
  6775 | D:7      | Noticed Joseph
  6791 | D:7      | Killed Joseph
  6791 | D:7      | Reached skill level 9 in Axes
  6806 | D:7      | Found Atih's Weapon Shop.
  7097 | D:7      | Found Kunotosi's Jewellery Boutique.
  7406 | D:8      | Noticed a two-headed ogre
  7410 | D:8      | Killed a two-headed ogre
  7410 | D:8      | Reached skill level 10 in Axes
  7410 | D:8      | Reached XP level 10. HP: 63/63 MP: 10/10
  7556 | D:8      | Reached ***** piety under Trog
  7826 | D:8      | Found a deep blue altar of Sif Muna.
  8032 | D:9      | Found a shimmering altar of Xom.
  8032 | D:9      | Found an opulent altar of Gozag.
  8032 | D:9      | Found a bloodstained altar of Trog.
  8332 | D:9      | Found a staircase to the Orcish Mines.
  8523 | D:9      | Found a sparkling altar of Nemelex Xobeh.
  8656 | D:9      | Found an ancient bone altar of Kikubaaqudgha.
  8850 | D:10     | Entered Level 10 of the Dungeon
  8877 | D:10     | Noticed an orc sorcerer
  8877 | D:10     | Noticed a deep elf mage
  8878 | D:10     | Noticed an orc sorcerer
  8883 | D:10     | Noticed a two-headed ogre
  8886 | D:10     | Noticed a sixfirhy
  8886 | D:10     | Paralysed by an orc sorcerer for 4 turns
  8887 | D:10     | Noticed a purple ugly thing
  8889 | D:10     | Noticed a gargoyle
  8889 | D:10     | HP: 2/96 [sixfirhy[an orc sorcerer] (3)]
  8889 | D:10     | Slain by a sixfirhy

Skill      XL: |  1  2  3  4  5  6  7  8  9 10 |
---------------+-------------------------------+-----
Axes           | 3 4 5 6 8 10 | 10.7
Fighting       | 4 5 6 7 8 |  8.1
Dodging        | 2 3 4 |  4.0
Armour         | 3 4 5 6 |  6.7
Stealth        | 1 2 |  2.2

Action                   |  1- 3 |  4- 6 |  7- 9 | 10-12 || total
-------------------------+-------+-------+-------+-------++-------
Melee: Hand axe          |   127 |   180 |    93 |       ||   400
       War axe           |       |       |   183 |   126 ||   309
       Battleaxe         |       |       |    30 |       ||    30
Invok: Berserk           |       |     2 |     4 |     1 ||     7
  Use: Scroll            |       |       |     7 |       ||     7
  Eat: Chunk             |     1 |     8 |    22 |     9 ||    40
Armor: Animal skin       |    62 |       |       |       ||    62
       Ring mail         |       |   102 |    26 |       ||   128
       Scale mail        |       |       |   127 |    68 ||   195
Dodge: Dodged            |    98 |   119 |   204 |    74 ||   495
